 Dungeon Crawl Stone Soup version 0.30.1-9-gdf580d7c3d (webtiles) character file.

Game seed: 9114062667453487539

530778 Amplified the Slayer (level 24, -5/223 HPs)
             Began as a Mummy Gladiator on Sept 24, 2023.
             Was an Initiate of Gozag.
             Slain by a sun demon (15 damage)
             ... led by a balrug
             ... in Pandemonium on Sept 27, 2023.
             The game lasted 02:48:00 (83987 turns).

Amplified the Slayer (Mummy Gladiator)             Turns: 83987, Time: 02:48:01

Health: -5/223     AC: 34    Str: 19      XL:     24   Next: 41%
Magic:  0/43       EV: 16    Int: 16 (18) God:    Gozag
Gold:   230        SH: 15    Dex: 16 (17) Spells: 31/56 levels left

rFire   + . .        K - +6 eveningstar (elec)
rCold   + + .        t - +3 buckler {AC+3}
rNeg    + + +        j - +3 fire dragon scales
rPois   ∞            H - +2 hat of the Bear Spirit {Spirit, Bear, *Rage Will++}
rElec   +            r - +2 cloak
rCorr   +            n - +2 pair of gloves
SInv    .            D - +3 pair of seven-league boots {Rampage+∞}
Will    +++++        E - amulet "Kedgh" {Reflect rC+ Dex+2 SH+5} Stlth
                     o - ring "Teamuc" {rElec rC+ rN+ rCorr Int+3}
HPRegen 0.57/turn    v - +4 ring of slaying
MPRegen 0.28/turn

%: reflection, guardian spirit, rampage+∞, faith
@: no status effects
A: cold resistance 1, negative energy resistance 3, torment resistance 2, heat
vulnerability 1, in touch with death 2, no potions, faith
}: 3/15 runes: decaying, serpentine, abyssal
a: Renounce Religion, Potion Petition, Call Merchant, Bribe Branch


You were in Pandemonium.
You worshipped Gozag.
Gozag was aware of your devotion.
You visited 12 branches of the dungeon, and saw 47 of its levels.
You visited Pandemonium 1 time, and saw 2 of its levels.
You visited the Abyss 2 times.
You visited 1 bazaar.
You also visited: Sewer and Bailey.

You collected 23251 gold pieces.
You spent 5518 gold pieces at shops.
You paid 17503 gold pieces to Gozag.

Inventory:

Hand Weapons
 x - a +7 executioner's axe of pain
 z - the +1 lajatang of Holding Instant Death {heavy, Str+4}
   (You bought it in a shop on level 9 of the Dungeon)

   Str:       It affects your strength (+4).
 K - a +6 eveningstar of electrocution (weapon)
 N - the +8 Vampire's Tooth {megavamp}
   (You found it on level 3 of the Crypt)
Missiles
 d - 3 throwing nets (quivered)
 e - 12 javelins
 A - 19 curare-tipped darts
Armour
 j - +3 fire dragon scales (worn)
 l - a +2 robe of fire resistance
 n - a +2 pair of gloves (worn)
 r - a +2 cloak (worn)
 t - a +3 buckler of protection (worn)
 D - the +3 pair of seven-league boots (worn) {Rampage+∞}
   (You acquired it on level 8 of the Dungeon)

   Rampage+∞: When moving toward enemies, its wearer moves as far as possible,
   alerting their target en route.
 G - the +0 ring mail of Refuge {rElec rCorr Str-4 Int+3}
   (You found it on level 11 of the Dungeon)

   Str:       It affects your strength (-4).
   Int:       It affects your intelligence (+3).
   rElec:     It insulates you from electricity.
   rCorr:     It protects you from acid and corrosion.
 H - the +2 hat of the Bear Spirit (worn) {Spirit, Bear, *Rage Will++}
   (You bought it in a shop on level 4 of the Lair of Beasts)

   Bear:      Going berserk makes the wearer exceptionally tough, and they are
   slowed for a shorter time afterward.
   *Rage:     It berserks you when you make melee attacks (+20% chance).
   Will:      It greatly increases your willpower.
 O - the +7 plate armour of Greed {rCorr Dex+4}
   (You took it off an orc high priest on level 3 of the Elven Halls)

   Dex:       It affects your dexterity (+4).
   rCorr:     It protects you from acid and corrosion.
 R - the +2 helmet of the Swamp {Will- Dex+8}
   (You found it on level 1 of the Crypt)

   Dex:       It affects your dexterity (+8).
   Will:      It decreases your willpower.
Jewellery
 b - the ring "Hiemel" {Will+ AC+4}
   (You bought it in a shop on level 3 of the Lair of Beasts)

   [ring of protection]

   AC:        It affects your AC (+4).
   Will:      It increases your willpower.
 c - an amulet of magic regeneration
 o - the ring "Teamuc" (left hand) {rElec rC+ rN+ rCorr Int+3}
   (You found it on level 3 of the Crypt)

   [ring of resist corrosion]

   Int:       It affects your intelligence (+3).
   rC:        It protects you from cold.
   rElec:     It insulates you from electricity.
   rN:        It protects you from negative energy.
   rCorr:     It protects you from acid and corrosion.
 s - a ring of flight
 u - a ring of protection from cold
 v - a +4 ring of slaying (right hand)
 B - the ring of Moxequt {+Blink rN+ Str+5}
   (You found it on level 3 of the Crypt)

   [ring of positive energy]

   Str:       It affects your strength (+5).
   rN:        It protects you from negative energy.
   +Blink:    It lets you blink.
 E - the amulet "Kedgh" (around neck) {Reflect rC+ Dex+2 SH+5}
   (You acquired it on level 1 of the Lair of Beasts)

   [amulet of reflection]

   It reflects blocked missile attacks.
   Dex:       It affects your dexterity (+2).
   rC:        It protects you from cold.
   SH:        It affects your SH (+5).
 Q - the ring "Lavy" {rF+ rN+}
   (You found it on level 3 of the Crypt)

   [ring of positive energy]

   rF:        It protects you from fire.
   rN:        It protects you from negative energy.
Wands
 g - a wand of mindburst (14)
 i - a wand of paralysis (18)
 m - a wand of acid (13)
 p - a wand of iceblast (23)
 w - a wand of digging (4)
 y - a wand of flame (98)
 I - a wand of polymorph (39)
Scrolls
 f - a scroll of brand weapon
 k - 44 scrolls of identify
 C - 3 scrolls of fear
 F - 6 scrolls of amnesia
 L - 2 scrolls of poison
 M - 6 scrolls of immolation
Miscellaneous
 a - a phantom mirror (inert)


   Skills:
 - Level 25.8 Fighting
 - Level 16.0 Maces & Flails
 - Level 1.5 Throwing
 - Level 16.1 Armour
 - Level 13.4 Dodging
 - Level 12.0 Shields
 * Level 16.5 Spellcasting
 * Level 2.6 Conjurations
 - Level 7.9 Necromancy
 - Level 7.7 Translocations
 * Level 6.6 Ice Magic
 * Level 2.6 Air Magic


You had 31 spell levels left.
You knew the following spells:

 Your Spells              Type           Power      Damage    Failure   Level
a - Lesser Beckoning      Tloc           74%        N/A       1%          2
b - Passwall              Tmut/Erth      10%        N/A       21%         2
c - Apportation           Tloc           74%        N/A       1%          1
d - Ozocubu's Armour      Ice            34%        N/A       2%          3
e - Swiftness             Air            21%        N/A       14%         3
f - Dispel Undead         Necr           72%        3d24      4%          4
g - Agony                 Necr           72%        N/A       14%         5
h - Freezing Cloud        Conj/Ice/Air   13%        6-21      58%         5

Your spell library contained the following spells:

 Spells                   Type           Power      Damage    Failure   Level
 Necrotise                Necr           100%       1d9       1%          1
 Blink                    Tloc           74%        N/A       1%          2
 Gell's Gravitas          Tloc           37%        N/A       1%          3
 Teleport Other           Tloc           37%        N/A       1%          3
 Vampiric Draining        Necr           72%        2d11      1%          3
 Momentum Strike          Conj/Tloc      58%        3d9       2%          2
 Magic Dart               Conj           84%        1d7       4%          1
 Shock                    Conj/Air       84%        1d8       4%          1
 Cigotuvi's Dreadful Rot  Necr/Pois/Air  100%       N/A       4%          2
 Ensorcelled Hibernation  Hex/Ice        46%        N/A       5%          2
 Searing Ray              Conj           42%        2d6       7%          2
 Foxfire                  Conj/Fire      68%        2x1d7     8%          1
 Volatile Blastmotes      Fire/Tloc      50%        2d14      9%          3
 Poisonous Vapours        Pois/Air       34%        N/A       12%         2
 Sandblast                Erth           26%        2d8       14%         1
 Slow                     Hex            52%        N/A       14%         1
 Summon Small Mammal      Summ           52%        N/A       14%         1
 Iskenderun's Mystic Bla  Conj/Tloc      29%        2d7       16%         4
 Mephitic Cloud           Conj/Pois/Air  18%        N/A       19%         3
 Stone Arrow              Conj/Erth      34%        3d9       24%         3
 Anguish                  Hex/Necr       27%        N/A       26%         4
 Confusing Touch          Hex            13%        N/A       38%         3
 Ignite Poison            Fire/Tmut/Pois 13%        N/A       38%         3
 Airstrike                Air            10%        2d(2-18)  41%         4
 Borgnjor's Vile Clutch   Necr/Erth      27%        N/A       58%         5
 Summon Forest            Summ/Tloc      12%        N/A       58%         5
 Fulminant Prism          Conj/Hex       8%         3d6       61%         4
 Sticky Flame             Conj/Fire      17%        2d4       61%         4
 Death Channel            Necr           36%        N/A       61%         6
 Metabolic Englaciation   Hex/Ice        11%        N/A       67%         5
 Iskenderun's Battlesphe  Conj           21%        2d7       77%         5
 Animate Armour           Summ/Erth      26%        N/A       80%         4
 Cause Fear               Hex            6%         N/A       80%         4
 Leda's Liquefaction      Hex/Erth       6%         N/A       80%         4
 Fireball                 Conj/Fire      8%         3d6       91%         5
 Lee's Rapid Deconstruct  Erth           6%         3d6*      98%         5
 Conjure Ball Lightning   Conj/Air       10%        3x3d6     100%        6
 Eringya's Noxious Bog    Tmut/Pois      6%         N/A       100%        6
 Iron Shot                Conj/Erth      8%         9d3       100%        6
 Plasma Beam              Fire/Air       8%         2x1d21    100%        6
 Starburst                Conj/Fire      8%         6d4       100%        6
 Haunt                    Necr/Summ      27%        N/A       100%        7
 Ozocubu's Refrigeration  Ice            17%        4d11      100%        7
 Spellforged Servitor     Conj/Summ      8%         N/A       100%        7
 Summon Hydra             Summ           6%         N/A       100%        7
 Discord                  Hex            6%         N/A       100%        8
 Disjunction              Tloc           18%        N/A       100%        8
 Ignition                 Fire           6%         3d4       100%        8
 Infestation              Necr           36%        N/A       100%        8
 Lehudib's Crystal Spear  Conj/Erth      8%         10d4      100%        8
 Dragon's Call            Summ           6%         N/A       100%        9
 Sublimation of Blood     Necr           Unusable   N/A       N/A         2
 Animate Dead             Necr           Unusable   N/A       N/A         4
 Wereblood                Tmut           Unusable   N/A       N/A         2
 Ice Form                 Ice/Tmut       Unusable   N/A       N/A         4
 Spider Form              Tmut/Pois      Unusable   N/A       N/A         3
 Simulacrum               Ice/Necr       Unusable   N/A       N/A         6
 Dragon Form              Tmut           Unusable   N/A       N/A         7

Dungeon Overview and Level Annotations

Branches:
Dungeon (15/15)            Temple (0/1) D:7            Lair (5/5) D:8
  Swamp (4/4) Lair:3        Snake (4/4) Lair:3        Slime (0/5) Lair:4
    Orc (2/2) D:9             Elf (3/3) Orc:2        Vaults (4/5) D:13
  Crypt (3/3) Vaults:3       Tomb (1/3) Crypt:3      Depths (4/4) D:15
   Hell (visited)             Zot (1/5) Depths:4      Sewer (visited)
 Bailey (visited)
    Dis: Hell:1         Geh: Hell:1         Coc: Hell:1         Tar: Hell:1

Altars:
Dithmenos
Gozag
Hepliaklqana
Kikubaaqudgha
Makhleb
Nemelex Xobeh
Okawaru
Trog
Vehumet
Xom
Yredelemnul

Shops:
D:1 (   D:5 =   D:9 (   Orc:2 **=*?   Elf:1 ?[[*   Elf:2 *   Elf:3 =::
Lair:3 [=   Lair:4 [   Vaults:1 [   Vaults:3 *   Vaults:4 *   Crypt:2 (
Depths:2 =   Depths:4 ?

Portals:
Hell: Depths:1 Depths:2 Depths:3 Depths:4
Abyss: Depths:1 Depths:2 Depths:3
Pandemonium: Depths:2
Ziggurat: Depths:1

Annotations:
D:4 Check
Lair:4 1 runed translucent door
Crypt:2 Vv
Crypt:3 Mennas
Hell Geryon


Innate Abilities, Weirdness & Mutations

You are immune to poison.
Your flesh is cold resistant. (rC+)
You are immune to negative energy. (rN+++)
You are immune to unholy pain and torment.
You are vulnerable to heat. (rF-)
You are strongly in touch with the powers of death.
You do not drink.
You have a special connection with the divine. (Faith)


Message History

You barely miss the balrug.
The balrug is moderately wounded.
The balrug gestures at you. The bolt of fire hits you. You resist.
* * * LOW HITPOINT WARNING * * *
Unknown command.
You closely miss the balrug.
The balrug is moderately wounded.
You block the sun demon's attack.
Unknown command.
You barely miss the balrug.
The balrug is moderately wounded.
You feel yourself slow down.
The balrug hits you with a +1 demon whip of venom!
* * * LOW HITPOINT WARNING * * *
You are engulfed in flames!
You resist.
* * * LOW HITPOINT WARNING * * *
Unknown command.
As you read the scroll of fear, it crumbles to dust.
You assume a fearsome visage.
The balrug resists with almost no effort.
The sun demon resists with some effort.
The sun demon looks frightened!
The sun demon resists with almost no effort.
The balrug gestures at you. The bolt of fire hits you!! You resist.
* * * LOW HITPOINT WARNING * * *
Unknown command.
Okay, then.
Okay, then.
You can't drink.
Unknown command.
Throw: 4 throwing nets
Press: ? - help, Q - select action, (/) - cycle Shift-Dir - straight line, f/p - balrug
Aim: a balrug, wielding a +1 demon whip of venom (moderately wounded, 69% to hit)
You throw a throwing net. The throwing net hits the balrug.
The balrug is caught in the net!
The balrug is moderately wounded.
The balrug struggles against the net.
The sun demon hits you!
You die...
Your body crumbles into a pile of gold.

#......# #....... ##......#
####....... #.....### #.......###
#.....# #....2..# #.....#
#.......# #.....# #.......#
#.....# #.......# #######.....#
#.......# ######....).....@#
#.......#
...............32######.......###
######..........3.....2..........
# #.......3................... #
#........................... #
#........................... #
############################ # #


You could see a balrug (caught) and 3 sun demons.

Vanquished Creatures
  Ignacio (Pan)
  A royal mummy (Crypt:2)
  A pandemonium lord (Pan)
  Saint Roka (Tomb:1)
  Margery (Crypt:2)
  Frederick (Crypt:2)
  A caustic shrike (Depths:2)
  Bai Suzhen (Elf:3)
  Jory (Crypt:3)
  Nikola (Depths:1)
  2 doom hounds
  Jorgrun (Orc:1)
  2 Ice Fiends (Pan)
  3 tentacled monstrosities
  A Hell Sentinel (Pan)
  Grunn (Crypt:2)
  A walking divine tome (Depths:2)
  The ghost of Flure the Scorcher, an adept MeTm of Ashenzari (Elf:1)
  3 Executioners
  2 quicksilver dragons
  3 ancient champions
  7 sphinxes
  3 tentacled starspawn
  A thorn hunter (Swamp:4)
  Donald (Vaults:2)
  A storm dragon (Depths:3)
  7 nagarajas (Snake:4)
  A fenstrider witch (Swamp:3)
  2 shadow dragons (Depths:4)
  The ghost of Uwkoecio the Severer, a journeyman HOFi of Okawaru (D:15)
  A tengu reaver (Depths:2)
  A daeva (Depths:1)
  2 revenants
  8 frost giants
  9 deep elf sorcerers
  2 fire giants (Depths:2)
  A draconian scorcher (Depths:4)
  A caustic shrike zombie (Crypt:3)
  2 juggernaut zombies (Crypt:3)
  Louise (Depths:3)
  Aizul (Vaults:4)
  A balrug (Pan)
  An orc warlord (Vaults:2)
  3 ghost moths
  15 vault wardens
  A cacodemon (D:15)
  5 deep elf elementalists
  5 ghouls (Crypt:2)
  2 curse skulls
  A war gargoyle (Vaults:3)
  13 ironbound preservers
  15 very ugly things
  4 draconian stormcallers (Depths:4)
  4 spriggan defenders
  18 stone giants
  A caustic shrike skeleton (Abyss:3)
  A reaper (Crypt:3)
  19 vampire knights
  4 ironbound thunderhulks
  2 deep elf demonologists
  8 dire elephants
  A red draconian (Depths:4)
  3 eleionomae
  Azrael (Orc:2)
  6 deep elf annihilators
  A demonspawn black sun (Pan)
  A white draconian (Depths:4)
  2 purple draconians (Depths:4)
  5 spark wasps
  5 bunyips
  A blizzard demon (Pan)
  7 eidola
  Snorg (Orc:2)
  9 ettins
  9 fire dragons
  3 shambling mangroves (Swamp:4)
  An elf zombie (Crypt:3)
  Josephine (D:13)
  7 jiangshi
  5 deep elf high priests
  A spriggan zombie (Crypt:3)
  4 green deaths
  A mummy priest (Crypt:2)
  2 entropy weavers
  A hell beast (Depths:2)
  8 yaktaur captains
  8 ice dragons
  Harold (Lair:2)
  3 great orbs of eyes
  3 salamander tyrants
  4 rakshasas
  7 vault guards
  A peacekeeper (Vaults:4)
  The ghost of infcreate the Carver, a journeyman BaFi of Okawaru (D:11)
  19 hydras
  A fenstrider witch zombie (Crypt:3)
  A ghost crab (Lair:3)
  A spriggan skeleton (Crypt:2)
  Erolcha (D:9)
  Erica (Lair:2)
  6 spriggan air magi
  A caustic shrike simulacrum (Abyss:3)
  16 anacondas
  2 catoblepae
  7 two-headed ogres
  9 centaur warriors
  9 ironbound frosthearts
  An ogre mage (D:14)
  25 dancing weapons
  6 death scarabs (Tomb:1)
  A merfolk avatar (Lair:5)
  3 death knights
  8 boulder beetles
  11 alligators
  8 deep troll shamans
  A satyr (Abyss:3)
  17 naga warriors
  12 deep troll earth magi
  7 tengu warriors
  11 vampire magi
  A hell hog (Abyss:3)
  5 orc high priests
  7 naga sharpshooters
  7 spriggan berserkers
  5 thrashing horrors
  7 soul eaters
  3 wretched stars
  7 sun demons (Pan)
  6 hell knights (Crypt:2)
  Nergalle (D:9)
  26 deep elf knights
  13 shock serpents
  33 skeletal warriors
  3 sea snakes (Snake:2)
  2 skysharks
  Lodul (D:9)
  5 iron trolls
  7 salamander mystics
  3 shadow wraiths
  5 sixfirhies
  48 deep trolls
  A goliath frog (Swamp:3)
  8 glowing orange brains
  4 spriggan druids
  An orb spider (shapeshifter) (D:14)
  A spark wasp zombie (Crypt:2)
  A shadow demon (Pan)
  10 swamp dragons
  4 bog bodies
  7 deep elf archers
  6 wizards
  13 naga ritualists
  5 flayed ghosts
  An orange crystal statue (Vaults:2)
  20 phantasmal warriors
  A golden dragon skeleton (Vaults:4)
  An iron giant skeleton (Crypt:1)
  A shadow dragon zombie (Crypt:3)
  7 necromancers
  16 ironbound convokers
  A harpy (Lair:4)
  30 deep elf pyromancers
  9 orc knights
  4 lindwurms (Vaults:2)
  29 deep elf zephyrmancers
  An anaconda skeleton (Crypt:3)
  2 worldbinders (Abyss:3)
  5 orc sorcerers
  5 cyclopes
  5 manticores
  A frost giant zombie (Crypt:3)
  2 will-o-the-wisps
  14 mana vipers
  A goliath frog skeleton (Crypt:3)
  3 moths of wrath
  48 ugly things
  A black mamba (shapeshifter) (D:15)
  11 elephants
  18 vault sentinels
  17 salamanders
  A fire giant skeleton (Crypt:1)
  2 dire elephant zombies
  24 naga magi
  10 cane toads
  46 black mambas
  2 rust devils
  A gargoyle (D:12)
  7 guardian serpents
  A cane toad (shapeshifter) (D:15)
  2 apocalypse crabs (Abyss:3)
  4 smoke demons (Pan)
  A dire elephant skeleton (Crypt:1)
  A hellion (Pan)
  2 centaur skeletons
  8 rime drakes
  2 unseen horrors
  A green draconian zombie (Crypt:3)
  37 yaktaurs
  A redback zombie (Crypt:2)
  A swamp worm zombie (Crypt:2)
  3 tormentors
  6 komodo dragons
  3 kobold demonologists
  4 ice devils
  A sea snake skeleton (Crypt:2)
  2 ancient zymes
  2 freezing wraiths
  2 tengu conjurers
  6 guardian mummies (Crypt:2)
  A yaktaur skeleton (Vaults:2)
  11 large abominations
  A hydra zombie (Crypt:3)
  A red devil (Depths:2)
  A queen bee (Lair:4)
  12 trolls
  3 harpy zombies
  A troll (shapeshifter) (D:15)
  A bloated husk (Swamp:2)
  A wind drake (Lair:5)
  4 blink frogs
  3 hellwings
  A deep troll zombie (Vaults:4)
  3 polar bears
  3 meliai (Lair:4)
  16 hornets
  A polar bear (shapeshifter) (D:15)
  A snapping turtle (Lair:5)
  7 tyrant leeches
  8 raiju
  A death drake skeleton (Crypt:3)
  A spectral elephant (Lair:3)
  31 slime creatures
  4 ynoxinuls
  2 air elementals
  An ettin skeleton (Crypt:2)
  A shadow (D:11)
  13 wraiths
  A guardian serpent skeleton (Crypt:1)
  12 spriggans
  7 water elementals
  8 wyverns
  A wind drake zombie (Crypt:2)
  38 yaks
  A vampire (D:13)
  5 golden eyes (Abyss:4)
  A human simulacrum (Vaults:4)
  A chaos spawn (Abyss:4)
  6 neqoxecs
  A redback (shapeshifter) (D:13)
  6 basilisks
  2 steam dragons
  7 fire elementals
  A skyshark zombie (Crypt:2)
  5 wargs
  4 spatial vortices (Abyss:3)
  16 vampire mosquitoes
  19 swamp worms
  3 acid dragons (D:11)
  An acid dragon (shapeshifter) (D:15)
  40 nagas
  A hell hound (Orc:1)
  A faun skeleton (Crypt:1)
  18 water moccasins
  Pargi (Sewer)
  2 naga skeletons
  A glowing shapeshifter skeleton (Vaults:2)
  3 ice beasts
  An ettin simulacrum (Crypt:2)
  2 sky beasts (D:6)
  25 orc warriors
  A swamp drake (shapeshifter) (D:15)
  12 swamp drakes
  17 ogres
  2 black bears
  2 boggarts (Vaults:4)
  A lindwurm skeleton (Crypt:1)
  A blink frog zombie (Crypt:3)
  13 wolves
  A swamp dragon skeleton (Crypt:1)
  A spectral rime drake (Lair:3)
  9 centaurs
  5 phantoms
  2 human skeletons (Vaults:2)
  14 kobold brigands
  5 bullfrogs
  A necrophage (Crypt:2)
  A gnoll sergeant (D:11)
  Blork the orc (D:4)
  3 scorpions
  3 earth elementals
  2 small abominations
  12 wights (D:8)
  25 killer bees
  A troll skeleton (Crypt:1)
  2 howler monkeys
  5 electric eels
  10 hounds
  2 jellies (D:6)
  10 orc priests
  3 starcursed masses (Abyss:3)
  3 gnoll boudas
  Jessica (D:2)
  3 iguanas (D:6)
  Ijyb (D:4)
  12 orc wizards
  A tengu skeleton (Crypt:1)
  A howler monkey zombie (Crypt:3)
  7 adders
  20 gnolls
  2 shadow imps
  A steam dragon skeleton (Crypt:2)
  A lava snake skeleton (Crypt:2)
  2 worms (D:2)
  3 dart slugs
  60 orcs
  8 endoplasms
  4 giant cockroaches
  9 goblins
  6 hobgoblins
  6 jackals
  4 quokkas
  8 ball pythons
  10 bats
  2 frilled lizards
  A frilled lizard skeleton (Crypt:2)
  41 kobolds
  4 rats
  A lurking horror (Abyss:2)
  2 starspawn tentacles
1964 creatures vanquished.

Vanquished Creatures (collateral kills)
  Khufu (Crypt:2)
  A dire elephant (Vaults:2)
  A yaktaur captain (Vaults:4)
  A hydra (Lair:3)
  2 deep troll shamans (Depths:3)
  A deep troll earth mage (Depths:3)
  A deep elf knight (Elf:2)
  A sea snake (Snake:2)
  2 deep trolls (Depths:3)
  A wizard (Vaults:4)
  3 mana vipers (Snake:2)
  An elephant (Lair:3)
  2 black mambas (Snake:2)
  A komodo dragon (Lair:3)
  A swamp worm (shapeshifter) (D:15)
  A water moccasin (Snake:2)
21 creatures vanquished.

Vanquished Creatures (others)
  An Ice Fiend (Pan)
  A deep elf knight (Elf:3)
  A soul eater (Pan)
  A spatial maelstrom (Abyss:3)
  A wizard (Depths:2)
  2 deep elf pyromancers (Elf:3)
  A naga mage (Snake:4)
  2 smoke demons (Pan)
  3 bloated husks
  A water moccasin (Snake:2)
  A bullfrog (Lair:3)
  An iguana skeleton (Crypt:3)
  An orc (Orc:1)
  16 foxfires
  2 lurking horrors (Abyss:3)
  14 starspawn tentacles
49 creatures vanquished.

Grand Total: 2034 creatures vanquished

Notes
Turn   | Place    | Note
-------+----------+-------------------------------------------
     0 | D:1      | Amplified the Mummy Gladiator began the quest for the Orb.
     0 | D:1      | Reached XP level 1. HP: 16/16 MP: 1/1
   366 | D:1      | Reached XP level 2. HP: 22/22 MP: 2/2
   546 | D:1      | Found Jurohoub's Antique Weapon Shop.
   592 | D:2      | Noticed Jessica
   598 | D:2      | Killed Jessica
   599 | D:2      | Reached skill level 1 in Armour
   599 | D:2      | Gained mutation: You are in touch with the powers of death.
                  | [Mummy growth]
   599 | D:2      | Reached XP level 3. HP: 26/28 MP: 3/3
   872 | D:2      | Reached skill level 3 in Fighting
   872 | D:2      | Reached XP level 4. HP: 28/35 MP: 4/4
  1288 | D:3      | Reached XP level 5. HP: 28/41 MP: 5/5
  1711 | D:3      | Found a shadowy altar of Dithmenos.
  1973 | D:3      | Found an iron altar of Okawaru.
  1997 | D:3      | Reached XP level 6. HP: 48/48 MP: 6/6
  2004 | D:3      | Reached skill level 4 in Fighting
  2343 | D:3      | Found a faded altar of an unknown god.
  2343 | D:3      | Found a faded altar of an unknown god.
  2345 | D:3      | Found a hazy altar of Hepliaklqana.
  2388 | D:4      | Noticed Ijyb
  2473 | D:4      | Noticed Blork the orc
  2590 | D:4      | Found a glowing drain.
  2594 | Sewer    | Entered a sewer
  2631 | Sewer    | Noticed Pargi
  2649 | Sewer    | Killed Pargi
  2650 | Sewer    | Reached XP level 7. HP: 47/55 MP: 7/7
  2796 | D:4      | Killed Blork the orc
  2812 | D:4      | Reached skill level 5 in Fighting
  2954 | D:5      | Entered Level 5 of the Dungeon
  3112 | D:5      | Reached skill level 5 in Maces & Flails
  3223 | D:1      | Bought a smoking mace for 264 gold pieces
  3223 | D:1      | Identified the +4 mace of Oguafiam {flame, rC+ rN+ Str+2}
                  | (You bought it in a shop on level 1 of the Dungeon)
  3294 | D:4      | Killed Ijyb
  3597 | D:5      | Reached XP level 8. HP: 58/63 MP: 8/8
  3625 | D:5      | Found a basalt altar of Yredelemnul.
  3634 | D:5      | Found an ancient bone altar of Kikubaaqudgha.
  3660 | D:5      | Found a sparkling altar of Nemelex Xobeh.
  3772 | D:5      | Reached skill level 6 in Fighting
  3804 | D:5      | Found Xoshrer's Jewellery Shoppe.
  3898 | D:6      | Found an opulent altar of Gozag.
  4122 | D:6      | Reached skill level 5 in Armour
  4345 | D:6      | Reached skill level 7 in Fighting
  4345 | D:6      | Reached XP level 9. HP: 67/72 MP: 9/9
  4878 | D:7      | Found a staircase to the Ecumenical Temple.
  4978 | D:7      | Reached skill level 8 in Fighting
  5340 | D:8      | Reached XP level 10. HP: 67/82 MP: 10/10
  5456 | D:8      | Identified a scroll of acquirement
  5456 | D:8      | Acquired the +3 pair of seven-league boots {Rampage+∞}
  5456 | D:8      | Found the +3 pair of seven-league boots {Rampage+∞}
  5505 | D:8      | Reached skill level 9 in Fighting
  5559 | D:8      | Found a staircase to the Lair.
  5655 | D:8      | Found a flagged portal.
  5672 | Bailey   | Entered a bailey
  5785 | Bailey   | Identified the amulet "Hanereh" {Acrobat rPois rC+ Will-}
  5962 | Bailey   | Found a bloodstained altar of Trog.
  6263 | D:9      | Found a staircase to the Orcish Mines.
  6268 | D:9      | Noticed Erolcha
  6273 | D:9      | Killed Erolcha
  6274 | D:9      | Reached skill level 10 in Fighting
  6314 | D:9      | Noticed a purple ugly thing
  6314 | D:9      | Noticed a fire crab
  6325 | D:9      | Noticed a tengu warrior
  6325 | D:9      | Noticed a centaur warrior
  6325 | D:9      | Noticed a centaur warrior
  6326 | D:9      | Noticed a cyan ugly thing
  6335 | D:9      | Noticed a moth of wrath
  6366 | D:9      | Noticed a sea snake
  6368 | D:9      | Noticed an eye of devastation
  6436 | D:9      | Reached XP level 11. HP: 45/90 MP: 11/11
  7029 | D:6      | Became a worshipper of Gozag Ym Sagoz the Greedy
  7106 | D:9      | Noticed a bunyip
  7293 | D:9      | Found a shimmering altar of Xom.
  7393 | D:9      | Found a radiant altar of Vehumet.
  7625 | D:10     | Entered Level 10 of the Dungeon
  7698 | D:10     | Noticed Lodul
  7963 | D:10     | Found a burning altar of Makhleb.
  8263 | D:10     | Identified the +7 glaive of the Summoning Gods {flame, Fly}
  8885 | D:11     | Found a transporter.
  8997 | D:11     | Found a transporter.
  8997 | D:11     | Noticed a two-headed ogre
  8998 | D:11     | Noticed a two-headed ogre
  8999 | D:11     | Noticed a two-headed ogre
  8999 | D:11     | Noticed a deep troll
  9000 | D:11     | Noticed infcreate's ghost (journeyman BaFi)
  9001 | D:11     | Found a bloodstained altar of Trog.
  9032 | D:11     | Noticed a red ugly thing
  9039 | D:11     | Killed a red ugly thing
  9040 | D:11     | Reached skill level 11 in Fighting
  9358 | D:12     | Noticed a red ugly thing
  9468 | Lair:1   | Entered Level 1 of the Lair of Beasts
  9917 | Lair:2   | Noticed Erica
  9928 | Lair:2   | Killed Erica
 10234 | Lair:2   | Reached skill level 10 in Maces & Flails
 10238 | Lair:2   | Reached XP level 12. HP: 78/100 MP: 12/12
 10283 | Lair:2   | Noticed a six-headed hydra
 10303 | Lair:2   | Killed a six-headed hydra
 10487 | Lair:2   | Got the Book of Detritus and Reconstruction
 10511 | Lair:2   | Noticed Harold
 10520 | Lair:2   | Killed Harold
 10966 | Lair:3   | Reached skill level 12 in Fighting
 11063 | Lair:3   | Reached skill level 5 in Dodging
 11148 | Lair:3   | Noticed a five-headed hydra
 11314 | Lair:3   | Killed a five-headed hydra
 11436 | Lair:3   | Found a staircase to the Snake Pit.
 11740 | Lair:3   | Identified the orb of the Cricket {mayhem, Int+2}
 11741 | Lair:3   | Found a staircase to the Swamp.
 11741 | Lair:3   | Noticed a ghost crab
 11752 | Lair:3   | Killed a ghost crab
 11991 | Lair:4   | Noticed a five-headed hydra
 12008 | Lair:3   | Killed a five-headed hydra
 12009 | Lair:3   | Reached skill level 13 in Fighting
 12125 | Orc:1    | Entered Level 1 of the Orcish Mines
 12125 | Orc:1    | Noticed Nergalle
 12161 | D:9      | Bought a crystal lajatang for 580 gold pieces
 12161 | D:9      | Identified the +1 lajatang of Holding Instant Death {heavy,
                  | Str+4} (You bought it in a shop on level 9 of the Dungeon)
 12186 | D:9      | Gained mutation: You are strongly in touch with the powers
                  | of death. [Mummy growth]
 12186 | D:9      | Reached XP level 13. HP: 80/111 MP: 13/13
 12238 | D:9      | Killed Nergalle
 12322 | Orc:1    | Noticed Jorgrun
 12413 | Orc:1    | Killed Jorgrun
 12644 | Orc:2    | Entered Level 2 of the Orcish Mines
 12644 | Orc:2    | Noticed Azrael
 13512 | Lair:1   | Acquired the amulet "Kedgh" {Reflect rC+ Dex+2 SH+5}
 15129 | Lair:4   | Reached skill level 14 in Fighting
 15432 | Lair:4   | Bought the +2 hat of the Bear Spirit {Spirit, Bear, *Rage
                  | Will++} for 593 gold pieces
 15432 | Lair:4   | Found the +2 hat of the Bear Spirit {Spirit, Bear, *Rage
                  | Will++}
 15675 | Lair:4   | Found a runed translucent door.
 15675 | Lair:4   | Noticed an acid blob
 15775 | Lair:4   | Found a staircase to the Slime Pits.
 15792 | Lair:5   | Entered Level 5 of the Lair of Beasts
 16497 | Lair:5   | Reached XP level 14. HP: 112/121 MP: 14/14
 16903 | Lair:5   | Reached skill level 1 in Spellcasting
 17925 | Orc:2    | Killed Azrael
 18096 | Orc:2    | Noticed Snorg
 18114 | Orc:2    | Killed Snorg
 18717 | Orc:2    | Found a staircase to the Elven Halls.
 19419 | Orc:2    | Reached skill level 15 in Fighting
 19429 | Orc:2    | Found Qooppesuo's Magic Scroll Shop.
 19429 | Orc:2    | Found Teuxemy's Assorted Antiques.
 19728 | Orc:2    | Reached skill level 5 in Spellcasting
 19807 | Orc:2    | Found Ejalaphu's Jewellery Shoppe.
 19811 | Orc:2    | Bought a scroll of teleportation for 45 gold pieces
 19811 | Orc:2    | Bought a scroll of fog for 60 gold pieces
 19811 | Orc:2    | Bought a scroll of magic mapping for 112 gold pieces
 19811 | Orc:2    | Bought a scroll of magic mapping for 112 gold pieces
 19811 | Orc:2    | Bought a scroll of silence for 142 gold pieces
 19811 | Orc:2    | Bought a scroll of enchant weapon for 112 gold pieces
 19814 | Orc:2    | Found Usuitixo's General Store.
 19831 | Orc:2    | Bought a jewelled iron wand for 116 gold pieces
 19831 | Orc:2    | Bought an iron wand for 116 gold pieces
 19831 | Orc:2    | Bought a scroll of enchant armour for 217 gold pieces
 19831 | Orc:2    | Bought an eveningstar for 435 gold pieces
 19835 | Orc:2    | Bought a scroll of fog for 116 gold pieces
 19837 | Orc:2    | Bought a scroll of magic mapping for 105 gold pieces
 20162 | D:9      | Killed Lodul
 21714 | D:13     | Found a large runed translucent door.
 21727 | D:13     | Found a large runed translucent door.
 21985 | D:13     | Found a gate to the Vaults.
 22088 | D:13     | Identified the +5 long sword "Giczu" {antimagic, Str+5
                  | Stlth+}
 22360 | D:13     | Paralysed by an air elemental for 1 turns
 22368 | D:13     | Paralysed by an air elemental for 1 turns
 22371 | D:13     | Paralysed by an air elemental for 1 turns
 22449 | D:14     | Noticed Josephine
 22478 | D:13     | Killed Josephine
 22816 | D:14     | Reached XP level 15. HP: 127/130 MP: 24/26
 23456 | D:14     | Reached skill level 16 in Fighting
 24240 | D:15     | Entered Level 15 of the Dungeon
 24588 | D:15     | Found a runed translucent gate.
 24588 | D:15     | Found a runed translucent gate.
 24591 | D:15     | Found a runed translucent gate.
 25672 | D:15     | Found a staircase to the Depths.
 26101 | D:15     | Noticed a shadow dragon
 26104 | D:15     | a shadow dragon changed into a stone giant
 26106 | D:15     | a dire elephant changed into a storm dragon
 26106 | D:15     | Noticed a storm dragon (glowing shapeshifter)
 26113 | D:15     | a storm dragon changed into a four-headed hydra
 26241 | D:15     | Found a runed translucent gate.
 26241 | D:15     | Found a runed translucent gate.
 26244 | D:15     | Found a runed translucent gate.
 26245 | D:15     | Noticed Uwkoecio's ghost (journeyman HOFi)
 26348 | D:15     | Reached skill level 10 in Spellcasting
 26515 | D:15     | Identified the +0 pair of gloves "Sieskatz" {rPois}
 26739 | Elf:1    | Entered Level 1 of the Elven Halls
 26754 | Elf:1    | Noticed Flure's ghost (adept MeTm)
 26840 | Orc:2    | Bought a scroll of fear for 60 gold pieces
 26840 | Orc:2    | Bought a wand of iceblast (3) for 108 gold pieces
 26840 | Orc:2    | Bought a wand of paralysis (8) for 288 gold pieces
 27001 | Swamp:1  | Entered Level 1 of the Swamp
 27059 | Swamp:1  | Learned a level 2 spell: Lesser Beckoning
 27288 | Swamp:1  | Reached skill level 1 in Translocations
 27582 | Swamp:1  | Identified the +5 falchion of the Enfolding Saviour {drain,
                  | rN+ Will+}
 28605 | Swamp:2  | Reached XP level 16. HP: 122/140 MP: 25/30
 28650 | Swamp:2  | Reached skill level 17 in Fighting
 29560 | Swamp:4  | Entered Level 4 of the Swamp
 29759 | Swamp:2  | Learned a level 2 spell: Passwall
 29761 | Swamp:2  | Learned a level 1 spell: Apportation
 29855 | Snake:1  | Entered Level 1 of the Snake Pit
 31609 | Snake:2  | Reached skill level 15 in Maces & Flails
 31940 | Snake:2  | Reached skill level 5 in Translocations
 33368 | Snake:2  | Reached skill level 18 in Fighting
 33965 | Snake:2  | Identified the +0 arbalest of the Old World {heavy, rPois
                  | rC- Stlth+}
 34104 | Snake:3  | Reached XP level 17. HP: 76/149 MP: 18/31
 35951 | Snake:4  | Entered Level 4 of the Snake Pit
 37056 | Swamp:3  | Learned a level 3 spell: Ozocubu's Armour
 37187 | Swamp:3  | HP: 7/151 [five-headed hydra[a spriggan druid] (6)]
 37589 | Swamp:4  | Reached skill level 1 in Ice Magic
 38228 | Swamp:4  | Reached skill level 19 in Fighting
 38891 | Swamp:4  | Got a decaying rune of Zot
 39216 | Lair:3   | Bought the ring "Hiemel" {Will+ AC+4} for 583 gold pieces
 39682 | Vaults:1 | Entered Level 1 of the Vaults
 39770 | Vaults:1 | Found Fivoenk's Armour Shoppe.
 39897 | Vaults:1 | Reached skill level 10 in Armour
 40544 | Vaults:1 | Reached XP level 18. HP: 128/160 MP: 21/32
 41810 | Vaults:2 | Reached skill level 5 in Ice Magic
 42030 | Vaults:2 | You fall into a shaft and drop 2 floors!
 42820 | Vaults:4 | Identified the +3 rapier of Ruczajet {freeze, rPois rF+}
 42975 | Vaults:4 | Found Geh Mua's General Store.
 43447 | Vaults:4 | Noticed Aizul
 43480 | Vaults:4 | Killed Aizul
 43821 | Vaults:4 | Reached skill level 20 in Fighting
 44166 | Vaults:3 | Found a staircase to the Crypt.
 44166 | Vaults:3 | Found an ancient bone altar of Kikubaaqudgha.
 44167 | Vaults:3 | Found a basalt altar of Yredelemnul.
 44904 | Crypt:1  | Entered Level 1 of the Crypt
 45561 | Vaults:3 | Found Alugedey's Assorted Antiques.
 46593 | Orc:2    | Bought a +0 buckler of protection for 172 gold pieces
 47088 | Elf:1    | Found Qaebill's Neck Hole.
 47203 | Elf:1    | Found a runed translucent door.
 47242 | Elf:1    | Found Tamyske's Antique Armour Boutique.
 47244 | Elf:1    | Found Vigybiwa's Armour Shop.
 47247 | Elf:1    | Found Wer Kipinor's Magic Scroll Boutique.
 47330 | Elf:1    | Reached XP level 19. HP: 164/170 MP: 35/35
 48078 | Elf:2    | Learned a level 3 spell: Swiftness
 48124 | Elf:2    | Found a huge runed translucent gate.
 48124 | Elf:2    | Found a huge runed translucent gate.
 48125 | Elf:2    | Found a huge runed translucent gate.
 48167 | Elf:2    | Found Soracs's General Store.
 49231 | Elf:2    | Identified the +6 morningstar of the Whale {elec, Stlth+}
 49923 | Elf:2    | Found a huge runed translucent gate.
 49923 | Elf:2    | Found a huge runed translucent gate.
 49951 | Elf:3    | Entered Level 3 of the Elven Halls
 50178 | Elf:3    | Identified the +2 flail of Red Wine {flame, rElec rF- Int+3
                  | Dex+2}
 50880 | Elf:3    | Noticed Bai Suzhen
 50943 | Elf:3    | Found a flickering gateway to a bazaar.
 50952 | Bazaar   | Entered a bazaar
 50952 | Bazaar   | Found Pyrirph's Jewellery Shoppe.
 50952 | Bazaar   | Found Taann's Magic Scroll Emporium.
 50960 | Bazaar   | Found Fuali's Magic Scroll Shoppe.
 50976 | Bazaar   | Found Mucet's Assorted Antiques.
 50990 | Bazaar   | Bought a scroll of teleportation for 27 gold pieces
 50990 | Bazaar   | Bought a scroll of blinking for 67 gold pieces
 50990 | Bazaar   | Bought a scroll of enchant weapon for 67 gold pieces
 50990 | Bazaar   | Bought a scroll of blinking for 67 gold pieces
 51000 | Bazaar   | Bought a scroll of teleportation for 21 gold pieces
 51000 | Bazaar   | Bought a scroll of blinking for 52 gold pieces
 51000 | Bazaar   | Bought a scroll of fear for 28 gold pieces
 51000 | Bazaar   | Bought a scroll of poison for 28 gold pieces
 51000 | Bazaar   | Bought a scroll of immolation for 28 gold pieces
 51000 | Bazaar   | Bought a scroll of immolation for 28 gold pieces
 51000 | Bazaar   | Bought a scroll of immolation for 28 gold pieces
 51010 | Bazaar   | Bought a scroll of brand weapon for 85 gold pieces
 51010 | Bazaar   | Bought a scroll of fog for 36 gold pieces
 51010 | Bazaar   | Bought a scroll of poison for 36 gold pieces
 51550 | Snake:4  | Reached skill level 21 in Fighting
 52124 | Snake:4  | Reached skill level 1 in Shields
 52892 | Snake:4  | Reached skill level 5 in Shields
 53773 | Snake:4  | Reached XP level 20. HP: 162/180 MP: 32/37
 54057 | Snake:4  | Got a serpentine rune of Zot
 54555 | D:11     | Killed infcreate's ghost
 54608 | D:11     | Identified the +0 ring mail of Refuge {rElec rCorr Str-4
                  | Int+3}
 55290 | Elf:3    | Found Jepesaerch's Book Shop.
 55291 | Elf:3    | Found Biamotel's Jewellery Shoppe.
 55292 | Elf:3    | Found Irghon's Book Shop.
 55367 | Elf:3    | Killed Bai Suzhen
 56066 | Elf:3    | Identified the +7 plate armour of Greed {rCorr Dex+4}
 56095 | Elf:3    | Identified the +2 dire flail of the Brain {spect, Will++
                  | rCorr}
 56268 | Elf:3    | Paralysed by an air elemental for 1 turns
 56319 | Elf:3    | Identified the +7 demon trident of the Screaming King
                  | {pain, rCorr Dex+2}
 56319 | Elf:3    | Identified the ring "Richad" {Fire Contam Fly Str+3}
 56498 | Elf:3    | Identified the staff of conjuration "Imank" {rElec rC-
                  | Dex+5}
 56526 | Elf:3    | Identified the +2 battleaxe "Leviticus" {drain, Fly}
 56607 | Elf:3    | Identified the staff of cold "Disk" {rF+ rC+ Str+4 Int-5
                  | SInv}
 56612 | Elf:3    | Identified the staff of conjuration "Vewesufo" {SInv}
 56616 | Elf:3    | Identified the +4 shortbow "Diebbil" {antimagic, rPois rF+}
 56764 | Elf:1    | Learned a level 4 spell: Dispel Undead
 56786 | Elf:1    | Killed Flure's ghost
 57482 | Crypt:1  | Reached skill level 10 in Shields
 58026 | Crypt:1  | Identified the +2 helmet of the Swamp {Will- Dex+8}
 58141 | Crypt:1  | Reached skill level 1 in Necromancy
 58731 | Crypt:1  | Identified the +7 war axe of Iradem {flame, +Blink rN+}
 58844 | Crypt:2  | Noticed Frederick
 58869 | Crypt:2  | Killed Frederick
 59581 | Crypt:2  | Reached skill level 5 in Necromancy
 60177 | Crypt:2  | Noticed a royal mummy
 60178 | Crypt:2  | Noticed Khufu
 60189 | Crypt:2  | Killed Khufu
 60198 | Crypt:2  | Killed a royal mummy
 60205 | Crypt:2  | Identified the +2 shortbow "Lifebane" {speed, Fragile rElec
                  | rCorr}
 60638 | Crypt:3  | Entered Level 3 of the Crypt
 60638 | Crypt:3  | Noticed Vv
 60639 | Crypt:3  | Noticed a doom hound
 60639 | Crypt:3  | Noticed Grunn
 60640 | Crypt:3  | Noticed a doom hound
 60745 | Crypt:3  | Killed a doom hound
 60763 | Crypt:2  | Killed a doom hound
 61014 | Crypt:2  | Killed Grunn
 61278 | Crypt:3  | Reached XP level 21. HP: 161/187 MP: 31/38
 61320 | Crypt:3  | Noticed Mennas
 61396 | Crypt:3  | Noticed Margery
 62223 | Depths:1 | Entered Level 1 of the Depths
 62571 | D:15     | Killed Uwkoecio's ghost
 63004 | Vaults:2 | Noticed Donald
 63077 | Vaults:2 | Killed Donald
 65516 | Vaults:3 | Learned a level 5 spell: Agony
 65623 | Vaults:3 | Reached skill level 10 in Dodging
 66093 | Vaults:4 | Reached skill level 22 in Fighting
 67397 | Crypt:2  | Killed Margery
 67644 | Crypt:3  | Found a staircase to the Tomb.
 67663 | Crypt:3  | Identified the ring "Teamuc" {rElec rC+ rN+ rCorr Int+3}
 68034 | Crypt:3  | Reached XP level 22. HP: 127/196 MP: 13/39
 68143 | Crypt:3  | Noticed Saint Roka
 68182 | Tomb:1   | Entered Level 1 of the Tomb of the Ancients
 68477 | Tomb:1   | Killed Saint Roka
 69337 | Crypt:3  | Found an ancient bone altar of Kikubaaqudgha.
 69389 | Crypt:3  | Identified the +11 glaive of Kowimo {heavy, rC- Int+4}
 69389 | Crypt:3  | Identified the +6 arbalest of Ciymaedd {heavy, rElec rN+
                  | Will+}
 69836 | Crypt:3  | Identified the ring of Moxequt {+Blink rN+ Str+5}
 69836 | Crypt:3  | Identified the ring "Jouki" {rN+ Int+3}
 69836 | Crypt:3  | Identified the ring "Lavy" {rF+ rN+}
 70035 | Crypt:3  | Identified the +0 cloak of the Slightly Bent {rN+ Will+
                  | Dex-2}
 70383 | Crypt:3  | Found the +8 Vampire's Tooth {megavamp}
 70490 | Crypt:3  | Reached skill level 15 in Armour
 70544 | Crypt:3  | Noticed Jory
 70553 | Crypt:3  | Killed Jory
 70570 | Crypt:3  | Identified the +5 flail "Iliok" {freeze, rF+}
 71425 | Depths:1 | Noticed Nikola
 71427 | Depths:1 | Found a one-way gate to the infinite horrors of the Abyss.
 71446 | Depths:2 | Found a gateway to Hell.
 71452 | Depths:2 | Reached skill level 23 in Fighting
 72140 | Depths:2 | Reached skill level 24 in Fighting
 72855 | Depths:2 | Reached skill level 25 in Fighting
 73002 | Depths:2 | Noticed a caustic shrike
 73024 | Depths:2 | Killed a caustic shrike
 73394 | Depths:2 | Reached XP level 23. HP: 200/213 MP: 32/40
 74299 | Depths:2 | Found a one-way gate leading to the halls of Pandemonium.
 74598 | Depths:3 | You fall into a shaft and drop 1 floor!
 74598 | Depths:4 | Entered Level 4 of the Depths
 74682 | Abyss:2  | Cast into level 2 of the Abyss (spriggan rider)
 74692 | Abyss:2  | Found a corrupted altar of Lugonu.
 74767 | Abyss:2  | Found a huge runed translucent gate.
 74767 | Abyss:2  | Found a huge runed translucent gate.
 74767 | Abyss:2  | Found a huge runed translucent gate.
 74767 | Abyss:2  | Found a huge runed translucent gate.
 74768 | Abyss:2  | Found a huge runed translucent gate.
 74903 | Depths:4 | Escaped the Abyss
 75447 | Depths:3 | Noticed Louise
 75624 | Depths:3 | Killed Louise
 75767 | Depths:3 | Identified the +3 robe of Lifelessness {Harm Str+3}
 76914 | Depths:3 | Found a sparkling altar of Nemelex Xobeh.
 77294 | Depths:4 | Identified the +6 broad axe "Juec" {heavy, rCorr Dex+5}
 77556 | Depths:4 | Reached skill level 15 in Spellcasting
 77773 | Depths:4 | Found a gate to the Realm of Zot.
 78296 | Depths:4 | Bought a scroll of fear for 64 gold pieces
 78296 | Depths:4 | Bought a scroll of teleportation for 48 gold pieces
 78296 | Depths:4 | Bought a scroll of teleportation for 48 gold pieces
 78296 | Depths:4 | Bought a scroll of magic mapping for 120 gold pieces
 78296 | Depths:4 | Bought a scroll of blinking for 120 gold pieces
 78296 | Depths:4 | Bought a scroll of enchant weapon for 120 gold pieces
 78296 | Depths:4 | Bought a scroll of fear for 64 gold pieces
 78941 | Depths:1 | Killed Nikola
 79039 | Depths:1 | Found a one-way gateway to a ziggurat.
 79432 | Depths:1 | Voluntarily entered the Abyss.
 79802 | Abyss:3  | Got an abyssal rune of Zot
 79813 | Abyss:3  | Paralysed by accursed screaming for 1 turns
 80003 | Abyss:3  | Found a corrupted altar of Lugonu.
 80106 | Abyss:3  | Reached XP level 24. HP: 95/223 MP: 1/42
 80139 | Abyss:4  | Found a corrupted altar of Lugonu.
 80147 | Abyss:4  | Found a corrupted altar of Lugonu.
 80214 | Depths:1 | Escaped the Abyss
 82089 | Zot:1    | Entered Level 1 of the Realm of Zot
 82426 | Zot:1    | Noticed an orb of fire
 82524 | Hell     | Entered the Vestibule of Hell
 82524 | Hell     | Noticed Geryon
 82611 | Depths:2 | Learned a level 5 spell: Freezing Cloud
 82612 | Pan      | Entered Pandemonium
 82687 | Pan      | Noticed Ignacio
 82700 | Pan      | Killed Ignacio
 82701 | Pan      | Reached skill level 1 in Conjurations
 82701 | Pan      | Reached skill level 1 in Air Magic
 83018 | Pan      | Noticed Rali Nye the pandemonium lord
 83891 | Pan      | Noticed Byelunim the pandemonium lord
 83939 | Pan      | Killed Byelunim the pandemonium lord
 83986 | Pan      | HP: 10/223 [balrug/bolt of fire (17)]
 83987 | Pan      | Slain by a sun demon

Illustrated notes

Levels and vault maps discovered:
D:1:      lemuel_arrival_rhombus, layout_basic, serial_shops,
          nicolae_shop_hallway_plus
D:2:      layout_rooms, uniq_jessica
D:3:      layout_basic, okawaru_altar_gauntlet_db,
          nicolae_hepliaklqana_ecumenical_no_more,
          lemuel_coloured_pillars_altar, minmay_fountain_box,
          minmay_misc_feat_roman
D:4:      minmay_evil_eye, layout_rooms, gup_sewer_entry_spiral, uniq_ijyb,
          uniq_blork_the_orc
D:5:      layout_rooms, mainiacjoe_overflow_alcove_1, minitemple, serial_shops,
          nicolae_shop_window_shopping
D:6:      layout_rooms, mainiacjoe_overflow_brackets, minmay_increasing_density
D:7:      layout_basic, minmay_temple_entry_drinking_statues
D:8:      layout_rooms, erik_lair_island, enter_bailey_4
D:9:      layout_stronghold, kennysheep_mini,
          mainiacjoe_overflow_concentric_impassable, orc_0_dummy, minivault_12,
          uniq_erolcha
D:10:     minmay_klotski, layout_irregular_city, lemuel_round_altar, uniq_lodul
D:11:     layout_rooms, gammafunk_ghost_wrathful_warriors
D:12:     layout_cave_pools, minmay_misc_feat_more_columns
D:13:     layout_long_grid, david_vaults_5, lightli_elemental_guards
D:14:     minmay_outward_triangles, layout_basic, kennysheep_nondescript,
          uniq_josephine
D:15:     grunt_enter_depths_snipers, layout_cave_pods,
          minmay_misc_feat_encased, ploomutoo_gammafunk_ghost_potion_laboratory
Lair:1:   layout_regular_city, serial_bayou_shore_b, grunt_megastairs_4,
          serial_bayou_shore_a
Lair:2:   layout_roguey, nicolae_quartered_pool_medium,
          minmay_stone_trees_medium, lemuel_centaur_altar, uniq_erica,
          uniq_harold
Lair:3:   layout_loops_ring, nicolae_swamp_entry_spooky,
          minmay_snake_entry_six_corridors, beast_lair_carwin_4,
          lemuel_fruit_tree
Lair:4:   layout_roguey, slime_entry_2, special_room [special_room_bee]
Lair:5:   gammafunk_lair_ancient_temple, layout_gridlike,
          chequers_serial_rivers_small_a, pdpol_lair_neglected_garden
Swamp:1:  layout_basic_swamp, hangedman_swamp_pad, swamp_pool3,
          nicolae_swamp_orc_logging_accident
Swamp:2:  layout_basic_swamp, nicolae_swamp_little_swirl
Swamp:3:  layout_basic_swamp, hangedman_swamp_ruin_wall
Swamp:4:  swamp, layout_basic_swamp
Snake:1:  layout_chambers
Snake:2:  nicolae_snake_attic_fulla_snakes, layout_cave_pods
Snake:3:  layout_basic, grunt_megastairs_1
Snake:4:  snake_pit, layout_layer_cave
Orc:1:    layout_caves, basic_altar, uniq_jorgrun, uniq_nergalle
Orc:2:    st_orc_elflike, layout_caves, nicolae_orc_lava_room, uniq_snorg,
          uniq_azrael
Elf:1:    layout_geoelf_grid, hellmonk_ghost_happy_afterlife,
          minmay_elf_crystal_hexagon, nicolae_shop_sticking_my_neck_out,
          grunt_megastairs_5, minmay_shop_star
Elf:2:    elven_hall_of_blades_hangedman_alternative
          [nicolae_blade_entry_pointy_end], layout_onion_city, serial_shops,
          shop, st_stairs_11
Elf:3:    minmay_elf_hall_dome, layout_loops_corners, serial_shops,
          bzr_firewalk, minmay_the_grid_square_5x5_3x3_mashed
          [minmay_the_grid_square_5x5_meh, minmay_the_grid_square_5x5_slash,
          minmay_the_grid_square_5x5_gyroscope,
          minmay_the_grid_square_5x5_eight_small,
          minmay_the_grid_square_5x5_megaprize_diamond,
          minmay_the_grid_square_5x5_comb, minmay_the_grid_square_5x5_seven,
          minmay_the_grid_square_5x5_checkered_sparse,
          minmay_the_grid_square_5x5_beaten_path], minmay_shop_grove,
          uniq_bai_suzhen
Vaults:1: nicolae_vaults_steering_wheel, v_rooms_1, v_misc_13, v_alt_pattern_4,
          nicolae_vaults_sesquioval_fish,
          nicolae_vaults_taking_the_gang_shopping, nicolae_vaults_wine_cellar,
          ontoclasm_vaults_gallery, vaults_room_semicircle,
          hangedman_vaults_impose, ontoclasm_vaults_decontamination,
          nicolae_vaults_trapezoid_lopsided_1, layout_vaults_omnicross
Vaults:2: nicolae_vaults_back_hallway, hangedman_vaults_hat,
          nicolae_vaults_double_plus_3, v_alt_pattern_2,
          nicolae_vaults_frosty_reception, v_misc_2, hangedman_vaults_maws,
          v_misc_29, nicolae_vaults_statue_guard, nicolae_vaults_trapezoid_4,
          nicolae_vaults_tetromino_T_2, ontoclasm_vaults_claustrophobia,
          nicolae_vaults_little_ls, layout_vaults_omnibox, uniq_donald
Vaults:3: nicolae_vaults_heart-shaped_vault, minmay_crypt_entry_necro_gods,
          nicolae_vaults_tetromino_L_1, grunt_vaults_focal, v_misc_27,
          ontoclasm_vaults_bender, nicolae_vaults_security_offices_6,
          hangedman_vaults_stream, vaults_room_pools,
          nicolae_vaults_storage_room_glass, v_misc_32, vaults_room_hallway,
          v_misc_16, vaults_mumra_minichess_inversion,
          grunt_vaults_hallway_short, layout_vaults_omnigrid, serial_shops, shop
Vaults:4: nicolae_vaults_big_ls, vaults_dpeg_diagonal,
          nicolae_vaults_twisting_passages, v_alt_pattern_3,
          vaults_room_stairs_pillars, nicolae_vaults_little_squares_1,
          hangedman_vaults_nodes, nicolae_vaults_border_crossing,
          vaults_room_door_hall, vaults_dpeg_ring,
          nicolae_vaults_yaktaur_gun_rack, layout_vaults_ring, serial_shops,
          nicolae_shop_back_alley_shop, uniq_aizul
Crypt:1:  layout_basic, grunt_ministairs_5
Crypt:2:  ragdoll_tomb_raider, layout_misc_corridors, uniq_frederick, uniq_khufu
Crypt:3:  church_of_pain_bobbens, layout_chaotic_city, grunt_megastairs_3,
          uniq_mennas, uniq_margery, uniq_saint_roka, uniq_vv, uniq_grunn
Tomb:1
Depths:1: layout_forbidden_donut, enter_ziggurat_c, abyss_entry,
          pf_vacation_house_of_asmodeus, serial_bayou_lagoon_a, zin_treasury,
          uniq_nikola
Depths:2: nzn_winding_woodlands_huge [nzn_winding_woodlands_5x15_parted,
          nzn_winding_woodlands_5x15_twine,
          nzn_winding_woodlands_5x15_lazy_stream,
          nzn_winding_woodlands_5x15_pockets, nzn_winding_woodlands_5x15_pool,
          nzn_winding_woodlands_5x15_jagged, nzn_winding_woodlands_5x15_cabin,
          nzn_winding_woodlands_5x15_pathside_ponds,
          nzn_winding_woodlands_5x15_default,
          nzn_winding_woodlands_5x15_longhouse,
          nzn_winding_woodlands_center_triple_pond,
          nzn_winding_woodlands_center_garden,
          nzn_winding_woodlands_15x15_boxy_spiral], layout_basic,
          roderic_roman_lattice, abyss_entry_crystal, hell_entry,
          grunt_pan_entry_zigzag
Depths:3: minmay_curly_fans, layout_cross,
          nicolae_abyss_entry_one_way_or_another, grunt_hell_entry_dis_mu,
          nemelex_altar_shiori, dreamdust_wishing_well
Depths:4: evilmike_zot_entry_argh, layout_cave_pools, pf_hell_entry_tar_spiral,
          serial_glass, glass_columns_a, glass_columns_a
Hell
Zot:1:    layout_cathedral_of_symmetry, grunt_megastairs_2
Pan:      evilmike_mini_pan_V, layout_pan_divisions_a [pan_division_quadrant_a3,
          pan_division_quadrant_a1, pan_division_quadrant_a3,
          pan_division_quadrant_a3, pan_division_octagon_box], uniq_ignacio,
          nicolae_pan_gloorx_vloqian_1, evilmike_mini_pan_3x3,
          layout_cellular_growth

Skill      XL: |  1  2  3  4  5  6  7  8  9 10 11 12 13 14 15 16 17 18 19 20 21 22 23 24 |
---------------+-------------------------------------------------------------------------+-----
Armour         | 1 2 3 4 5 6 8 9 10 11 12 14 15 16 | 16.1
Maces & Flails | 3 4 5 6 7 8 10 11 12 13 14 15 16 | 16.0
Fighting       | 3 4 5 7 8 10 11 13 14 15 16 18 19 20 21 22 25 | 25.8
Dodging        | 3 6 8 10 11 13 | 13.4
Spellcasting   | 7 10 12 13 15 16 | 16.5
Translocations | 2 6 7 |  7.7
Ice Magic      | 4 5 6 |  6.6
Shields        | 6 10 11 12 | 12.0
Necromancy     | 7 |  7.9
Conjurations   | 2 |  2.6
Air Magic      | 2 |  2.6
Throwing       | |  1.5

Action                     |  1- 3 |  4- 6 |  7- 9 | 10-12 | 13-15 | 16-18 | 19-21 | 22-24 || total
---------------------------+-------+-------+-------+-------+-------+-------+-------+-------++-------
  Melee: Flail             |    62 |       |       |       |       |       |       |       ||    62
         Whip              |    19 |   251 |   127 |       |       |       |       |       ||   397
         Punch             |     1 |     4 |     7 |     9 |    25 |    39 |       |       ||    85
         Mace              |       |       |   323 |   300 |       |       |       |       ||   623
         Morningstar       |       |       |       |   380 |   699 |       |       |       ||  1079
         Eveningstar       |       |       |       |       |   694 |  1859 |  2354 |  2223 ||  7130
  Throw: Throwing net      |       |     1 |     4 |     5 |     7 |     2 |       |     1 ||    20
         Dart              |       |       |       |       |    14 |       |       |    11 ||    25
   Cast: Lesser Beckoning  |       |       |       |       |       |    56 |    82 |   103 ||   241
         Ozocubu's Armour  |       |       |       |       |       |    24 |    19 |    17 ||    60
         Dispel Undead     |       |       |       |       |       |       |    36 |    86 ||   122
         Swiftness         |       |       |       |       |       |       |     3 |       ||     3
         Agony             |       |       |       |       |       |       |     2 |     1 ||     3
         Passwall          |       |       |       |       |       |       |       |     1 ||     1
 Invoke: Call Merchant     |       |       |       |     1 |     2 |     2 |     1 |     2 ||     8
         Potion Petition   |       |       |       |       |       |     9 |     5 |    10 ||    24
  Evoke: Wand              |       |       |     1 |    10 |    26 |    15 |    13 |    11 ||    76
         Phantom mirror    |       |       |       |     1 |     2 |     2 |     2 |     1 ||     8
    Use: Scroll            |     4 |     7 |     5 |    11 |    21 |    31 |    20 |    23 ||   122
   Stab: Held in net/web   |       |       |     2 |     1 |     2 |       |       |       ||     5
         Distracted        |       |       |       |     5 |     7 |     6 |    17 |     5 ||    40
         Paralysed         |       |       |       |       |       |     3 |       |       ||     3
         Invisible         |       |       |       |       |       |     1 |       |       ||     1
         Fleeing           |       |       |       |       |       |       |     1 |       ||     1
 Armour: Leather armour    |    27 |    42 |       |       |   386 |   317 |       |       ||   772
         Ring mail         |       |    63 |       |       |       |       |    13 |       ||    76
         Troll leather arm |       |       |   225 |   351 |    81 |       |       |       ||   657
         Robe              |       |       |       |       |       |   351 |   560 |       ||   911
         Fire dragon scale |       |       |       |       |       |       |    48 |  1014 ||  1062
  Dodge: Dodged            |    57 |   166 |   316 |   464 |   813 |  1028 |   785 |   792 ||  4421
  Block: Other             |       |       |       |       |   213 |   320 |       |       ||   533
         Reflection        |       |       |       |       |     4 |    17 |    80 |    23 ||   124
         Buckler           |       |       |       |       |       |    21 |  1097 |  1264 ||  2382
